 Dungeon Crawl Stone Soup version 0.31-a0-486-g8d68a81214 (webtiles) character file.

Game seed: 13739204737132652051

420 Xavori the Sneak (level 6, -1/51 HPs)
             Began as an Octopode Chaos Knight on Aug 7, 2023.
             Was a Plaything of Xom.
             Slain by an ogre
             ... wielding a +0 giant club
              (22 damage)
             ... on level 4 of the Dungeon.
             The game lasted 00:04:57 (19315 turns).

Xavori the Sneak (Octopode Chaos Knight)           Turns: 19315, Time: 00:04:58

Health: -1/51      AC:  1    Str: 10      XL:     6   Next: 94%
Magic:  6/6        EV: 15    Int: 12      God:    Xom [......]
Gold:   218        SH:  4    Dex: 19 (21) Spells: 5/5 levels left

rFire   . . .        a - +0 short sword (chaos)
rCold   . . .        (no shield)
rNeg    . . .        (helmet currently unavailable)
rPois   .            d - amulet of faith
rElec   .            (no ring)
rCorr   .            (no ring)
SInv    .            (no ring)
Will    .....        (no ring)
Stlth   ++++         (no ring)
HPRegen 0.28/turn    (no ring)
MPRegen 0.10/turn    (no ring)
                     (no ring)

%: faith
@: beast-form
A: beast (slay +0), almost no armour, amphibious, 8 rings, camouflage 1,
gelatinous body 1, (nimble swimmer 1), tentacles, antennae 1, tentacle spike 1,
large bone plates 1, agile 2, deterioration 1, sense surroundings 1, robust 2,
wild magic 1, MP-powered wands
a: Begin Untransformation, Renounce Religion


You were on level 4 of the Dungeon.
You worshipped Xom.
You were a very special plaything of Xom.
You were a hulking beast.
You visited 1 branch of the dungeon, and saw 4 of its levels.

You collected 218 gold pieces.

Inventory:

Hand Weapons
 a - a +0 short sword of chaos (weapon)
Jewellery
 d - an amulet of faith (around mantle)
Talismans
 j - a beast talisman (active)
Wands
 c - a wand of mindburst (12)
 g - a wand of paralysis (11)
Scrolls
 b - a scroll of butterflies
 f - a scroll of enchant armour
 i - a scroll of revelation
 k - a scroll of amnesia
Potions
 e - 4 potions of curing {unknown}
 h - a potion of heal wounds {unknown}


   Skills:
 + Level 4.2 Fighting
 + Level 4.0 Short Blades
 + Level 3.5 Dodging
 + Level 6.2 Stealth
 * Level 1.1 Shapeshifting


You had 5 spell levels left.
You didn't know any spells.
Your spell library was empty.

Dungeon Overview and Level Annotations

Branches:
Dungeon (4/15)
 Temple: D:4-7

Altars:
Xom


Innate Abilities, Weirdness & Mutations

You are a hulking beast.
Your limbs bulge with bestial killing power. (Slay +0)
You cannot wear most types of armour.
You are amphibious.
You can wear up to eight rings at the same time.
Your skin changes colour to match your surroundings (Stealth+).
Your rubbery body absorbs attacks. (AC +1, EV +1)
((You are camouflaged when in or above water. (Stealth+)))
You have tentacles for arms and can constrict up to eight enemies at once.
You have a pair of small antennae on your head.
One of your tentacles bears a spike.
You are partially covered in large bone plates. (SH +4)
You are very agile. (Dex +8, Str/Int -2)
Your body sometimes deteriorates upon taking damage.
You passively map a small area around you.
You are very robust. (+20% HP)
Your spells are a little harder to cast, but a little more powerful.
You expend magic power (3 MP) to strengthen your wands.


Message History

Unknown command.
You closely miss the hound. You grab the hound.
Your tentacle spike misses the hound.
You squeeze the hound!
The hound is heavily wounded.
You constrict the hound, but do no damage.
The hound misses you. The hound bites you.
Unknown command.
You hit the hound. You drain the hound.
You pierce the hound, but do no damage.
You squeeze the hound.
You kill the hound!
You feel your strength returning.
Your life force feels restored.
Unknown command.
Unknown command.
You hit the dart slug. You grab the dart slug.
You pierce the dart slug.
The dart slug is almost dead.
You constrict the dart slug.
You kill the dart slug!
No target in view!
No target in view!
An ogre comes into view. It is wielding a +0 giant club.
An ogre is nearby!
An ogre is nearby!
An ogre is nearby!
The ogre barely misses you.
You completely miss the ogre.
You pierce the ogre.
You squeeze the ogre.
The ogre is lightly wounded.
You hit the ogre but do no damage.
You pierce the ogre.
You squeeze the ogre.
The ogre is heavily wounded.
The ogre hits you with a +0 giant club!!
Ouch! That really hurt!
You are too injured to fight recklessly!
You are too injured to fight recklessly!
You are too injured to fight recklessly!
You hit the ogre.
You feel better.
You pierce the ogre, but do no damage.
The ogre is heavily wounded.
You barely miss the ogre.
The ogre is heavily wounded.
The ogre hits you with a +0 giant club!!
You die...
Xom roars with laughter!

#....# * *
#.###......# #....# *
, ##...###...##
#....# * #..#...###.#
#....# *
##..###...### *
#....# #..#....#...*
###### *##....†..##.#
##.##* #..#.†...#..#
#.....###.#.....#..##
*
#.....Oh...###.....#
#.....####...##.#.##
#.... * ###...#..# ,
.... ###...## , ... ,
* ##.+ ,.. ,, , ,
,*## .,** * ** , , ,
, ,


You could see an ogre.

Vanquished Creatures
  An ogre (D:4)
  A boggart (D:2)
  A hound (D:4)
  An orc priest (D:3)
  Ijyb (D:3)
  2 orc wizards (D:3)
  3 adders
  2 worms
  3 dart slugs
  9 orcs
  7 ball pythons
  4 bats
  4 endoplasms
  5 goblins
  4 hobgoblins
  6 jackals (D:1)
  A quokka (D:1)
  2 frilled lizards
  8 kobolds
  7 rats
72 creatures vanquished.

Notes
Turn   | Place    | Note
-------+----------+-------------------------------------------
     0 | D:1      | Xavori the Octopode Chaos Knight began the quest for the
                  | Orb.
     0 | D:1      | Reached XP level 1. HP: 16/16 MP: 1/1
    65 | D:1      | XOM: silly message
   104 | D:1      | Reached XP level 2. HP: 21/21 MP: 2/2
   422 | D:1      | Reached XP level 3. HP: 10/26 MP: 3/3
   531 | D:1      | XOM: cloud trail
   691 | D:1      | XOM: divination: magic mapping
   775 | D:1      | XOM: silly message
   797 | D:1      | XOM: silly message
  1132 | D:1      | XOM: noise
  1317 | D:1      | XOM: divination: detect creatures
  1747 | D:1      | XOM: stat loss: -1 Dex (12/13)
  1758 | D:1      | XOM: summons 1 hostile shadow creature
  2184 | D:1      | XOM: silly message
  2303 | D:1      | XOM is BORED!
  2334 | D:1      | XOM: silly message
  2656 | D:1      | XOM: summons 4 hostile shadow creatures
  2887 | D:2      | XOM: give mutations
  2887 | D:2      | Gained mutation: You are partially covered in iridescent
                  | scales. (AC +2) [Xom's mischief]
  2887 | D:2      | Lost mutation: You are partially covered in iridescent
                  | scales. (AC +2) [Xom's mischief]
  3601 | D:1      | XOM: give mutation
  3601 | D:1      | Gained mutation: You are robust. (+10% HP) [Xom's grace]
  4031 | D:1      | XOM: give mutation
  4031 | D:1      | Gained mutation: Your system is resistant to poisons.
                  | (rPois) [Xom's grace]
  4772 | D:1      | XOM is BORED!
  4772 | D:1      | XOM: give mutations
  4772 | D:1      | Gained mutation: You are vulnerable to heat. (rF-) [Xom's
                  | mischief]
  4772 | D:1      | Gained mutation: You are agile. (Dex +4, Str/Int -1) [Xom's
                  | mischief]
  4772 | D:1      | Gained mutation: You sometimes lose your temper in combat.
                  | [Xom's mischief]
  4772 | D:1      | Lost mutation: You sometimes lose your temper in combat.
                  | [Xom's mischief]
  5223 | D:1      | XOM: give mutation
  5223 | D:1      | Gained mutation: Your body sometimes deteriorates upon
                  | taking damage. [Xom's mischief]
  5416 | D:1      | XOM: summons 2 hostile demons
  5516 | D:2      | XOM: 8-stop teleportation journey
  5613 | D:2      | XOM: 3-stop teleportation journey
  5708 | D:1      | XOM: cloud trail
  6857 | D:1      | XOM: god gift: 6 stones
  7279 | D:1      | XOM: god gift: scroll labelled WETOIGENGA {god gift}
  7759 | D:1      | XOM: give mutations
  7759 | D:1      | Gained mutation: You possess an exceptional clarity of
                  | mind. [Xom's grace]
  7759 | D:1      | Gained mutation: You are very robust. (+20% HP) [Xom's
                  | grace]
  7811 | D:1      | XOM: god gift: scroll labelled FICEFE JEADAIF {god gift}
  8496 | D:1      | XOM: god gift: glaive {god gift}
  8645 | D:1      | XOM: give mutations
  8645 | D:1      | Lost mutation: You are vulnerable to heat. (rF-) [Xom's
                  | grace]
  8645 | D:1      | Gained mutation: Your flesh is heat resistant. (rF+) [Xom's
                  | grace]
  8645 | D:1      | Gained mutation: You passively map a small area around you.
                  | [Xom's grace]
  8745 | D:1      | XOM: 1-stop teleportation journey
  8915 | D:1      | XOM: god gift: 14 gold pieces
  9017 | D:1      | XOM: divination: magic mapping
  9885 | D:2      | XOM: 5-stop teleportation journey
  9927 | D:2      | Found a faded altar of an unknown god.
 10081 | D:2      | XOM: summons 2 hostile demons
 10255 | D:2      | a bat changed into a boggart
 10255 | D:2      | Noticed a boggart
 10255 | D:2      | XOM: polymorph bat -> boggart
 10264 | D:2      | Killed a boggart
 10265 | D:2      | Reached skill level 3 in Stealth
 10265 | D:2      | Reached XP level 4. HP: 33/39 MP: 4/4
 10265 | D:2      | Reached XP level 5. HP: 38/44 MP: 5/5
 10447 | D:2      | XOM: summons 1 hostile demon
 10464 | D:3      | XOM: stealth player
 10672 | D:2      | XOM: summons 3 hostile demons
 10680 | D:3      | Noticed Ijyb
 10683 | D:3      | Lost mutation: Your system is resistant to poisons. (rPois)
                  | [potion of mutation]
 10683 | D:3      | Lost mutation: Your flesh is heat resistant. (rF+) [potion
                  | of mutation]
 10683 | D:3      | Gained mutation: You are very agile. (Dex +8, Str/Int -2)
                  | [potion of mutation]
 10683 | D:3      | Lost mutation: You possess an exceptional clarity of mind.
                  | [potion of mutation]
 10683 | D:3      | Gained mutation: You have a pair of small antennae on your
                  | head. [potion of mutation]
 10690 | D:3      | Killed Ijyb
 10691 | D:3      | Reached skill level 4 in Stealth
 10805 | D:2      | XOM: summons 3 hostile demons
 11427 | D:2      | XOM: torment (23/44 hp)
 11765 | D:2      | XOM: divination: magic mapping
 11869 | D:2      | XOM: divination: detect creatures
 12804 | D:2      | XOM: silly message
 13431 | D:2      | XOM: cloud trail
 13807 | D:3      | XOM: silly message
 13875 | D:3      | XOM: cast spell 'Olgreb's Toxic Radiance'
 14075 | D:3      | XOM: 6-stop teleportation journey
 14284 | D:3      | Reached XP level 6. HP: 51/51 MP: 6/6
 14288 | D:3      | Reached skill level 5 in Stealth
 14321 | D:3      | XOM: scenery: create altars
 14619 | D:3      | XOM: stat loss: -1 Str (9/10)
 15048 | D:3      | XOM is BORED!
 15048 | D:3      | XOM: give mutations
 15048 | D:3      | Gained mutation: You expend magic power (3 MP) to
                  | strengthen your wands. [Xom's mischief]
 15048 | D:3      | Gained mutation: Your spells are a little easier to cast,
                  | but a little less powerful. [Xom's mischief]
 15048 | D:3      | Lost mutation: Your spells are a little easier to cast, but
                  | a little less powerful. [Xom's mischief]
 15175 | D:3      | XOM: cloud trail
 15202 | D:3      | XOM: god gift: scroll of amnesia
 15303 | D:3      | XOM: silly message
 15441 | D:3      | XOM: cloud trail
 16022 | D:3      | XOM: divination: magic mapping
 16120 | D:3      | XOM: noise
 16403 | D:3      | XOM is BORED!
 16403 | D:3      | XOM: give mutation
 16403 | D:3      | Gained mutation: Your spells are a little easier to cast,
                  | but a little less powerful. [Xom's mischief]
 16915 | D:3      | XOM is BORED!
 16915 | D:3      | XOM: give mutation
 16915 | D:3      | Lost mutation: Your spells are a little easier to cast, but
                  | a little less powerful. [Xom's mischief]
 17055 | D:3      | XOM: 1-stop teleportation journey
 17155 | D:3      | XOM: god gift: 26 gold pieces
 17246 | D:3      | XOM: god gift: rapier {god gift}
 17293 | D:3      | XOM: cloud trail
 17495 | D:3      | XOM: noise
 17997 | D:3      | XOM: draining
 18761 | D:3      | XOM: give mutations
 18761 | D:3      | Gained mutation: You are partially covered in large bone
                  | plates. (SH +4) [Xom's grace]
 18761 | D:3      | Gained mutation: Your spells are a little harder to cast,
                  | but a little more powerful. [Xom's grace]
 18761 | D:3      | Gained mutation: One of your tentacles bears a spike.
                  | [Xom's grace]
 19013 | D:4      | Noticed an ice beast
 19023 | D:4      | XOM: enchant monster (bad)
 19032 | D:4      | XOM: summons 4 hostile shadow creatures
 19035 | D:4      | XOM: divination: magic mapping
 19038 | D:4      | XOM: 2-stop teleportation journey
 19039 | D:4      | XOM: stat loss: -1 Dex (19/21)
 19214 | D:4      | Reached skill level 6 in Stealth
 19214 | D:4      | Reached skill level 1 in Shapeshifting
 19315 | D:4      | Slain by an ogre

Illustrated notes

Levels and vault maps discovered:
D:1:      saegor_arrival_miasma, layout_loops_ring, nrook_uturn,
          hangedman_feature_mirror
D:2:      layout_loops_cross, hellmonk_ecumenical_altar_heavens_door,
          minivault_23, kennysheep_donut
D:3:      layout_loops_ring, uniq_ijyb
D:4:      minmay_skewed_foursquare, layout_basic,
          nicolae_dithmenos_shadow_blocks, nicolae_overflow_hidden_temple,
          minmay_bent

Skill      XL: |  1  2  3  4  5  6 |
---------------+-------------------+-----
Dodging        | 3 |  3.5
Stealth        | 3 4 6 |  6.2
Fighting       | 4 |  4.2
Short Blades   | 4 |  4.0
Shapeshifting  | 1 |  1.1

Action                     |  1- 3 |  4- 6 || total
---------------------------+-------+-------++-------
  Melee: Short sword       |    88 |    82 ||   170
         Constrict         |    21 |    17 ||    38
         Tentacles         |    15 |    18 ||    33
         Punch             |     1 |     3 ||     4
         Kick              |       |    21 ||    21
    Use: Scroll            |     3 |     4 ||     7
         Potion            |       |     1 ||     1
   Stab: Sleeping          |     5 |    11 ||    16
         Distracted        |       |     1 ||     1
         Confused          |       |     1 ||     1
 Armour: Skin              |     6 |     2 ||     8
  Dodge: Dodged            |    74 |    34 ||   108
  Block: Other             |       |     1 ||     1
   Form: Beast             |       |     1 ||     1

Table legend: (Time is in decaauts)
 A = Elapsed time spent in this place.
 B = Non-inter-level travel time spent in this place.
 C = Inter-level travel time spent in this place.
 D = Time resting spent in this place.
 E = Time spent auto-exploring this place.
 F = Levels seen in this place.
 G = Mean time per level.
                   A        B        C        D        E       F      G
               +--------+--------+--------+--------+--------+-----+--------+
         Total |  19295 |  19109 |    186 |  16664 |   1888 |   4 | 4823.8 |
       Dungeon |  19295 |  19109 |    186 |  16664 |   1888 |   4 | 4823.8 |
               +--------+--------+--------+--------+--------+-----+--------+

Top non-repeatable levels by time:
     D:1: 9324 daAuts
     D:3: 5531 daAuts
     D:2: 4088 daAuts
     D:4: 351 daAuts
